Map: Thunderbird LE

Players

Reynor - Winner!

  • Race: Zerg Zerg
  • Spawn Location: 5:00

Nerchio

  • Race: Zerg Zerg
  • Spawn Location: 11:00

Event: 2019 WCS Summer

VOD

Have the link to the VOD?

Description

Time

  • Played on: July 13, 2019, 1:05 p.m.
  • Length: 17:42

All games in this series

Show
View Real Time Build Order
Export as new Build Order

Reynor Zerg - Winner!

Build Orders: Hatch First, Lurkers 

Get SALT Encoding   

  12  0:00  Drone  
  13  0:12  Overlord  
  13  0:16  Drone  
  14  0:30  Drone x2  
  16  0:47  Hatchery  
  15  0:50  Drone  
  15  0:54  Drone  
  17  0:58  Drone  
  18  1:07  Extractor  
  17  1:12  Spawning Pool  
  17  1:15  Drone  
  17  1:18  Drone  
  18  1:27  Drone  
  19  1:38  Drone  
  20  1:49  Drone  
  21  1:59  Overlord  
  21  2:00  Queen x2  
  21  2:01  Drone  
  26  2:08  Metabolic Boost  
  26  2:10  Drone  
  26  2:11  Drone  
  28  2:20  Drone  
  28  2:21  Drone  
  30  2:34  Hatchery  
  29  2:37  Drone  
  29  2:38  Drone  
  29  2:42  Zergling x2  
  29  2:44  Overlord  
  32  2:50  Baneling Nest  
  31  2:53  Drone x2  
  33  3:04  Zergling x4  
  35  3:08  Drone  
  35  3:10  Overlord  
  35  3:11  Zergling x2  
  37  3:13  Drone x3  
  37  3:17  Evolution Chamber  
  37  3:19  Zergling x2  
  40  3:21  Drone  
  41  3:28  Zergling x2  
  41  3:30  Queen  
  44  3:34  Overlord  
  44  3:42  Baneling, Zergling x4  
  44  3:43  Drone x2  
  44  3:47  Overlord  
  47  3:48  Zerg Missile Weapons Level 1  
  47  3:49  Drone  
  47  3:50  Drone  
  47  3:54  Baneling  
  47  3:55  Drone x2  
  51  3:57  Drone  
  51  4:00  Drone x2  
  54  4:05  Overlord  
  54  4:08  Drone  
  54  4:09  Drone  
  55  4:15  Drone  
  55  4:16  Zergling x4  
  58  4:20  Zergling x6  
  60  4:24  Baneling x2  
  60  4:27  Drone  
  60  4:28  Extractor  
  60  4:29  Extractor  
  59  4:32  Overlord  
  59  4:33  Drone  
  60  4:39  Drone  
  60  4:40  Drone x4  
  60  4:45  Overlord  
  65  4:48  Lair  
  65  4:49  Drone  
  65  4:51  Drone  
  67  4:53  Drone  
  67  4:54  Roach Warren  
  67  4:58  Overlord  
  67  4:59  Drone x2  
  70  5:00  Drone  
  70  5:04  Drone x2  
  72  5:11  Drone  
  72  5:12  Drone x3  
  75  5:14  Extractor  
  75  5:15  Pneumatized Carapace  
  75  5:16  Drone x2  
  75  5:17  Extractor  
  75  5:18  Drone x2  
  75  5:19  Drone  
  75  5:21  Extractor  
  77  5:24  Overlord  
  77  5:34  Drone x4  
  80  5:36  Roach x2  
  80  5:39  Roach  
  86  5:45  Roach x4  
  86  5:46  Roach  
  86  5:48  Overseer  
  96  5:50  Glial Reconstitution  
  96  5:51  Roach x3  
  96  5:53  Overlord  
  96  5:55  Roach  
  96  5:56  Drone  
  105  6:01  Roach x2  
  105  6:02  Roach  
  111  6:06  Overlord  
  111  6:07  Zerg Missile Weapons Level 2  
  111  6:08  Hatchery  
  110  6:13  Drone  
  110  6:17  Evolution Chamber  
  110  6:18  Roach x3  
  116  6:19  Overlord  
  116  6:28  Baneling x3  
  116  6:29  Overlord  
  116  6:30  Overlord  
  116  6:31  Drone x6  
  122  6:34  Baneling x4  
  122  6:39  Drone x4  
  126  6:43  Roach x2  
  130  6:49  Overlord  
  130  6:51  Zerg Ground Armor Level 1  
  130  6:58  Roach x4  
  130  7:00  Roach x2  
  142  7:03  Overseer  
  142  7:05  Roach  
  142  7:06  Roach  
  146  7:09  Extractor  
  146  7:10  Roach x2  
  146  7:15  Roach x2  
  153  7:17  Overlord  
  152  7:30  Roach x4  
  152  7:36  Overlord  
  158  7:37  Roach x3  
  158  7:38  Roach  
  158  7:41  Burrow, Overlord x4  
  166  7:48  Roach  
  166  7:50  Overlord  
  168  7:51  Overlord  
  168  7:58  Overlord  
  168  8:01  Ravager  
  168  8:02  Ravager x2  
  168  8:03  Roach x9  
  189  8:06  Baneling x2, Queen  
  189  8:11  Roach x3  
  189  8:12  Roach, Ravager  
  200  8:15  Overlord  
  199  8:26  Ravager  
  198  8:27  Roach  
  197  8:44  Roach  
  199  8:49  Extractor, Spine Crawler x2  
  196  8:55  Zerg Ground Armor Level 2  
  196  8:58  Roach  
  196  9:00  Roach x2  
  196  9:01  Roach x2  
  188  9:03  Roach x8  
  188  9:06  Roach  
  188  9:07  Roach x5  
  188  9:08  Roach x4  
  188  9:09  Roach x3  
  192  9:10  Roach x4  
  192  9:16  Roach x2  
  168  9:19  Roach x3  
  168  9:21  Tunneling Claws  
  174  9:24  Roach x2  
  174  9:25  Ravager x2  
  174  9:27  Roach  
  174  9:29  Roach  
  174  9:31  Roach x2  
  180  9:35  Roach  
  180  9:38  Roach x2  
  186  9:42  Roach x3  
  186  9:43  Roach  
  194  9:45  Ravager x2  
  194  9:48  Roach x2  
  194  9:52  Overlord  
  198  9:59  Infestation Pit  
  197  10:03  Overseer  
  197  10:14  Roach x5  
  199  10:19  Roach x11  
  197  10:24  Roach  
  199  10:38  Hive  
  199  10:39  Roach x5  
  199  10:41  Roach x8  
  199  10:42  Hydralisk Den  
  196  10:45  Roach  
  196  10:46  Roach  
  200  10:56  Roach x8  
  194  10:57  Roach x4  
  194  11:01  Roach  
  194  11:02  Roach x2  
  200  11:10  Roach x3  
  200  11:11  Roach x6  
  198  11:14  Roach x4  
  198  11:18  Roach x8  
  192  11:27  Roach x15, Grooved Spines  
  192  11:31  Roach x7  
  194  11:49  Zerg Ground Armor Level 3, Zerg Missile Weapons Level 3  
  194  11:50  Hatchery, Roach x2  
  194  11:53  Roach x2  
  189  11:56  Roach  
  189  11:57  Roach x7  
  189  12:01  Roach x7  
  170  12:16  Lurker Den  
  170  12:18  Hydralisk x6  
  170  12:22  Ravager x2  
  181  12:28  Hydralisk x4  
  187  12:34  Hydralisk x2  
  187  12:35  Hydralisk  
  191  12:37  Roach  
  191  12:40  Roach x25  
  191  12:44  Hydralisk x4  
  191  12:47  Roach x7  
  199  12:55  Muscular Augments  
  199  13:14  Spine Crawler x2  
  197  13:26  Roach  
  190  13:43  Roach x6  
  190  13:44  Roach x5  
  189  13:52  Lurker x3  
  189  13:53  Roach x7  
  200  13:55  Roach  
  200  14:01  Roach x7  
  200  14:02  Adaptive Talons  
  193  14:08  Roach x3  
  193  14:09  Roach x6  
  197  14:13  Drone x8  
  197  14:14  Roach  
  177  14:17  Roach x4  
  177  14:18  Roach x4  
  177  14:20  Roach x2  
  168  14:32  Roach x5  
  168  14:37  Lurker x3  
  168  14:38  Roach  
  173  14:49  Drone x10  
  173  14:50  Drone  
  173  14:52  Lurker x4  
  161  15:12  Roach x4  
  157  15:22  Lurker  
  150  15:36  Hatchery  
  149  15:43  Viper x2  
  149  15:46  Hatchery  
  142  16:05  Roach  
  142  16:09  Hydralisk x5  
  147  16:14  Roach x20  
  147  16:21  Hydralisk x3  
  153  16:26  Hydralisk  
  147  16:46  Roach  
  148  16:47  Roach x4  
  148  16:51  Roach x2  
  148  16:58  Drone x2  
  152  17:01  Roach  
  150  17:13  Hydralisk x4  
  151  17:19  Roach x13  
  151  17:35  Lurker x2  
Show
View Real Time Build Order
Export as new Build Order

Nerchio Zerg 

Build Orders: Hatch First 

Get SALT Encoding   

  12  0:00  Drone  
  13  0:12  Overlord  
  13  0:16  Drone  
  14  0:30  Drone x2  
  16  0:49  Hatchery  
  15  0:51  Drone  
  15  0:54  Drone  
  17  0:57  Drone  
  18  1:08  Extractor  
  17  1:13  Spawning Pool  
  17  1:16  Drone  
  17  1:19  Drone  
  18  1:28  Drone  
  19  1:38  Overlord  
  19  1:49  Drone  
  20  2:00  Queen  
  23  2:01  Drone x2  
  23  2:02  Queen  
  23  2:08  Metabolic Boost  
  26  2:11  Drone  
  26  2:12  Drone  
  28  2:22  Drone x2  
  30  2:34  Hatchery  
  30  2:36  Drone  
  30  2:43  Baneling Nest  
  29  2:44  Drone  
  29  2:46  Drone  
  31  2:51  Overlord  
  31  2:56  Drone  
  31  2:58  Zergling x2  
  33  3:09  Evolution Chamber  
  33  3:10  Zergling x4  
  33  3:11  Drone  
  33  3:12  Drone x3  
  38  3:15  Drone x2  
  40  3:22  Queen  
  40  3:27  Overlord  
  42  3:28  Drone  
  42  3:34  Zergling x2  
  44  3:36  Zerg Missile Weapons Level 1  
  44  3:45  Zergling x12  
  50  3:50  Baneling x2  
  50  3:53  Queen  
  51  3:56  Baneling  
  51  4:02  Drone x4  
  55  4:06  Overlord  
  55  4:09  Drone x2  
  56  4:15  Drone  
  57  4:19  Overlord x2  
  55  4:25  Drone x3  
  55  4:26  Drone  
  55  4:28  Drone  
  55  4:30  Drone, Roach Warren  
  60  4:32  Drone  
  60  4:33  Drone x2  
  63  4:41  Drone x2  
  63  4:44  Drone, Lair  
  65  4:50  Drone x2, Extractor  
  65  4:51  Drone x3, Extractor  
  68  4:54  Zergling x2  
  68  4:59  Zergling x8  
  73  5:00  Extractor  
  73  5:06  Drone x4  
  76  5:08  Drone  
  76  5:11  Extractor  
  76  5:12  Extractor  
  76  5:13  Drone x2  
  77  5:18  Overlord x2  
  77  5:20  Drone x2  
  79  5:24  Drone  
  79  5:26  Evolution Chamber, Overlord x2  
  79  5:34  Drone x3  
  82  5:39  Zerg Ground Armor Level 1  
  82  5:43  Glial Reconstitution  
  82  5:44  Overseer  
  82  5:46  Drone x2  
  84  5:53  Zerg Missile Weapons Level 2  
  84  5:56  Hatchery  
  83  6:03  Roach x8  
  99  6:04  Roach  
  99  6:06  Roach  
  105  6:11  Roach x2  
  105  6:12  Roach  
  105  6:16  Pneumatized Carapace  
  105  6:17  Overlord  
  109  6:20  Overlord  
  109  6:22  Roach x2  
  113  6:29  Overlord x2  
  113  6:36  Roach  
  113  6:37  Roach x3  
  123  6:40  Roach x3  
  123  6:46  Overlord x2  
  127  6:48  Roach x3  
  133  6:55  Roach  
  133  6:56  Roach x3  
  133  7:00  Hydralisk Den, Drone x3  
  143  7:02  Drone  
  143  7:04  Drone  
  145  7:10  Extractor  
  145  7:14  Overlord x2  
  144  7:26  Infestation Pit  
  144  7:27  Drone x3  
  144  7:29  Drone x2  
  143  7:30  Drone x2  
  144  7:46  Roach x12  
  167  7:53  Grooved Spines  
  167  7:54  Hydralisk  
  167  7:55  Hydralisk  
  167  7:56  Hydralisk  
  173  8:05  Hive, Overlord  
  173  8:08  Extractor  
  173  8:09  Hydralisk  
  173  8:10  Hydralisk  
  176  8:14  Ravager x2  
  176  8:16  Roach  
  176  8:17  Roach  
  176  8:19  Overlord  
  182  8:25  Roach x3  
  182  8:27  Roach  
  182  8:29  Ravager x2  
  182  8:30  Roach  
  182  8:32  Roach  
  188  8:35  Ravager  
  188  8:36  Roach  
  188  8:38  Roach  
  191  8:46  Overlord x2  
  191  8:48  Overseer  
  191  8:52  Ravager  
  191  8:53  Overlord  
  191  8:55  Overlord  
  191  9:01  Roach  
  191  9:02  Roach x4  
  184  9:03  Roach  
  184  9:05  Roach  
  184  9:08  Roach x2  
  161  9:11  Roach  
  149  9:18  Roach  
  149  9:19  Roach x3  
  157  9:27  Roach x4  
  165  9:34  Roach x3  
  165  9:38  Roach x2  
  173  9:41  Roach  
  173  9:42  Roach  
  173  9:44  Roach  
  179  9:47  Roach  
  179  9:48  Roach  
  179  9:50  Ravager x2  
  179  9:52  Roach  
  187  9:56  Roach x2  
  187  9:57  Roach  
  193  10:02  Roach x3  
  193  10:17  Roach x6  
  193  10:19  Roach x3  
  185  10:23  Roach x2  
  187  10:30  Zerg Missile Weapons Level 3  
  187  10:34  Hydralisk x2  
  191  10:38  Hydralisk  
  193  10:42  Hydralisk  
  193  10:43  Hydralisk  
  193  10:45  Hydralisk  
  193  10:47  Overseer  
  189  10:58  Roach  
  189  10:59  Roach x4  
  189  11:02  Roach  
  195  11:06  Roach x4  
  195  11:07  Roach  
  195  11:08  Roach  
  195  11:10  Roach  
  184  11:13  Roach  
  184  11:14  Roach  
  184  11:16  Overseer  
  184  11:17  Roach  
  178  11:19  Roach  
  178  11:22  Roach  
  163  11:28  Drone x3  
  163  11:29  Drone x2  
  163  11:32  Roach  
  166  11:37  Roach x2  
  166  11:38  Overseer  
  166  11:44  Roach  
  166  11:45  Roach  
  168  11:48  Ravager x2  
  168  11:51  Roach x2  
  174  11:56  Roach  
  174  12:01  Roach x2  
  162  12:03  Roach  
  162  12:06  Roach  
  162  12:08  Roach  
  152  12:11  Roach  
  149  12:16  Roach  
  149  12:17  Roach  
  149  12:18  Ravager  
  151  12:23  Roach x2  
  151  12:26  Roach  
  158  12:30  Ravager  
  158  12:32  Roach x2  
  162  12:40  Roach x2  
  162  12:41  Roach  
  170  12:44  Roach  
  170  12:45  Roach  
  170  12:48  Roach  
  170  12:50  Ravager x2  
  176  12:52  Overseer  
  176  12:54  Roach  
  178  12:59  Roach x2  
  178  13:05  Roach x3  
  187  13:08  Roach  
  187  13:09  Roach  
  187  13:12  Roach  
  192  13:14  Ravager x2  
  192  13:16  Roach  
  192  13:18  Roach  
  198  13:25  Roach  
  188  13:42  Roach  
  188  13:43  Roach x8  
  189  13:50  Roach x4  
  189  13:55  Roach x2  
  183  14:05  Roach x4  
  183  14:07  Roach  
  165  14:21  Overseer, Overlord x2  
  165  14:22  Overseer  
  153  14:26  Drone x2  
  153  14:27  Drone x2  
  153  14:30  Drone x2  
  155  14:33  Drone  
  155  14:37  Drone x2  
  154  14:38  Drone  
  154  14:41  Drone  
  154  14:47  Drone x2  
  154  14:48  Drone  
  154  14:51  Drone  
  152  14:57  Overseer  
  139  15:10  Roach x2  
  127  15:18  Roach x5  
  127  15:21  Drone x2  
  138  15:22  Drone  
  138  15:24  Drone  
  138  15:26  Drone  
  141  15:30  Drone x2  
  141  15:34  Overseer  
  143  15:40  Viper  
  146  15:49  Viper  
  145  15:59  Viper  
  110  16:13  Roach x2  
  114  16:19  Roach  
  114  16:23  Roach  
  118  16:30  Roach x3  
  118  16:32  Roach  
  123  16:38  Roach x3  
  119  16:46  Roach  
  115  16:47  Roach  
  115  16:48  Roach x3  
  115  16:53  Overseer  
  105  16:58  Roach x3  
  103  17:09  Roach  
  103  17:10  Roach x2  
Tags
 
Add a new tag
Caveats
  • Supply blocks, unpowered buildings, or Contaminate may cause inaccurate times.
  • Supply counts are checked every 10 seconds.